 Dungeon Crawl Stone Soup version 0.29.1-2-gbd0b4ee654 (webtiles) character file.

Game seed: 8741195415793730269

135 croobank the Caller (level 4, -2/32 HPs)
             Began as a Demonspawn Summoner on Nov 17, 2022.
             Killed by an exploding iguana (30 damage)
             ... ignited by their inner flame
             ... on level 4 of the Dungeon.
             The game lasted 00:11:35 (3018 turns).

croobank the Caller (Demonspawn Summoner)           Turns: 3018, Time: 00:11:36

Health: -2/32      AC:  2    Str:  9    XL:     4   Next: 97%
Magic:  3/8        EV: 12    Int: 18    God:
Gold:   99         SH:  0    Dex: 13    Spells: 2/8 levels left

rFire   . . .      SeeInvis .   n - +7 mace of Twilight {flame, *Rage Fragile +Blink Will+++}
rCold   . . .      Faith    .   (no shield)
rNeg    . . .      Spirit   .   a - +0 robe
rPois   .          Reflect  .   (no helmet)
rElec   .          Harm     .   (no cloak)
rCorr   .          Rampage  .   (no gloves)
Will    +++..      Rage     20% (no boots)
Stlth   ++........              (no amulet)
HPRegen 0.10/turn               d - +4 ring of slaying
MPRegen 0.11/turn               g - ring of wizardry

@: lethally poisoned (-2 -> -21)
A: condensation shield, demonic touch 1
a: Evoke Blink


You were on level 4 of the Dungeon.
You visited 1 branch of the dungeon, and saw 4 of its levels.

You collected 99 gold pieces.

Inventory:

Hand Weapons
 f - a +0 flail
 l - a +1 vampiric dagger
 n - the +7 mace of Twilight (weapon) {flame, *Rage Fragile +Blink Will+++}
   (You found it on level 3 of the Dungeon)

   It burns those it strikes, dealing additional fire damage.
   +Blink:    It lets you blink.
   *Rage:     It berserks you when you make melee attacks (+20% chance).
   Fragile:   It will be destroyed if unequipped.
   Will:      It greatly increases your willpower.
Armour
 a - a +0 robe (worn)
 m - a +0 leather armour
Jewellery
 d - a +4 ring of slaying (left hand)
 g - a ring of wizardry (right hand)
 r - an amulet of faith
Wands
 o - a wand of digging (5)
Potions
 b - a potion of magic
 c - a potion of curing {unknown}
 e - a potion of resistance {unknown}
 h - a potion of attraction {unknown}
 i - 2 potions of degeneration {unknown}
 j - 3 potions of lignification {unknown}
 k - 2 potions of heal wounds
 p - a potion of mutation {unknown}
 q - a potion of might {unknown}
 t - a potion of haste {unknown}


   Skills:
 + Level 1.6 Fighting
 + Level 2.7 Dodging
 + Level 2.7 Stealth
 + Level 2.7 Spellcasting
 + Level 4.5 Summonings


You had 2 spell levels left.
You knew the following spells:

 Your Spells              Type           Power      Damage    Failure   Level
a - Summon Small Mammal   Summ           72%        N/A       1%          1
b - Call Imp              Summ           18%        N/A       1%          2
c - Call Canine Familiar  Summ           18%        N/A       3%          3

Your spell library contained the following spells:

 Spells                   Type           Power      Damage    Failure   Level
 Summon Guardian Golem    Hex/Summ       10%        N/A       9%          3
 Summon Lightning Spire   Summ/Air       10%        N/A       26%         4


Dungeon Overview and Level Annotations

Branches:
Dungeon (4/15)
 Temple: D:4-7

Altars:
Trog
Yredelemnul

Annotations:
D:3 1 runed translucent door


Innate Abilities, Weirdness & Mutations

A meltable shield of frost defends you. (SH +0)
Your touch may inflict minor irresistible damage on your foes.


Message History

Your crimson imp blinks!
Okay, then.
Okay, then.
Unknown command.
As you read the scroll labelled HEGROSH MOIJASM, it crumbles to dust.
The creatures around you are filled with an inner flame!
It was a scroll of immolation.
You feel sick. You block the adder's attack. The scorpion stings you.
* * * LOW HITPOINT WARNING * * *
You are more poisoned.
The scorpion poisons you!
Your rat bites the iguana but does no damage.
The iguana closely misses you.
It was a potion of heal wounds.
You feel much better.
You feel very sick.
Your hound bites the scorpion but does no damage.
The adder completely misses you. The scorpion stings you.
The iguana bites you but does no damage.
Your rat closely misses the iguana.
Your hound bites the scorpion but does no damage.
Okay, then.
You aren't carrying any scrolls.
Okay, then.
You feel much better.
You feel sick. The adder bites you.
Your hound bites the scorpion.
Flame seeps out of the scorpion.
The scorpion is engulfed in blazing flames.
Flame seeps out of the scorpion.
The scorpion stings you.
You are more poisoned.
The scorpion poisons you!
Your rat bites the iguana.
Flame seeps out of the iguana.
The iguana is engulfed in blazing flames.
The iguana explodes!
The fiery explosion engulfs your rat!!
Your rat's corpse disappears in a puff of smoke!
The fiery explosion engulfs your hound!!!
Your hound's corpse disappears in a puff of smoke!
The fiery explosion engulfs you!!
Your condensation shield dissipates!
Ouch! That really hurt!
You die...

................
................#
#.................#
##..................
#...................
#.....<.............
....................
..........§s§.......
.........†§○@.......
.......<...S§.......
.....$.....5........
#...................
....................
.........$..........
....................
....................
.................


You could see a scorpion (inner flame, ally target), an adder (inner flame) and
a friendly crimson imp (summoned, inner flame).

Vanquished Creatures
  An iguana (D:4)
  2 dart slugs
  An orc (D:3)
  3 ball pythons (D:3)
  3 giant cockroaches
  2 goblins
  A hobgoblin (D:2)
  2 kobolds (D:1)
  A kobold skeleton (D:3)
  A rat (D:1)
17 creatures vanquished.

Vanquished Creatures (collateral kills)
  A human zombie (D:3)
  4 adders
  2 dart slugs
  A worm (D:2)
  4 ball pythons
  3 endoplasms
  A giant cockroach (D:2)
  4 goblins
  4 hobgoblins
  4 jackals (D:1)
  2 bats
  2 frilled lizards (D:2)
  4 kobolds
  3 rats
39 creatures vanquished.

Grand Total: 56 creatures vanquished

Notes
Turn   | Place    | Note
-------+----------+-------------------------------------------
     0 | D:1      | croobank the Demonspawn Summoner began the quest for the
                  | Orb.
     0 | D:1      | Reached XP level 1. HP: 13/13 MP: 3/3
   204 | D:1      | Found a faded altar of an unknown god.
   623 | D:1      | Gained mutation: Your touch may inflict minor irresistible
                  | damage on your foes. [demonic ancestry]
   623 | D:1      | Reached XP level 2. HP: 19/19 MP: 1/5
   626 | D:1      | Learned a level 2 spell: Call Imp
  1219 | D:2      | Reached XP level 3. HP: 25/25 MP: 3/6
  1223 | D:2      | Learned a level 3 spell: Call Canine Familiar
  1362 | D:2      | Reached skill level 1 in Fighting
  1579 | D:2      | Identified the +9 dagger of Dim Light {spect, Dex+5}
  1857 | D:2      | Gained mutation: A meltable shield of frost defends you.
                  | (SH +0) [demonic ancestry]
  1857 | D:2      | Reached XP level 4. HP: 32/32 MP: 2/7
  2425 | D:3      | Found a runed translucent door.
  2425 | D:3      | Noticed a human
  2509 | D:3      | Found a basalt altar of Yredelemnul.
  2692 | D:3      | Identified the +7 mace of Twilight {flame, *Rage Fragile
                  | +Blink Will+++}
  2734 | D:3      | Found a bloodstained altar of Trog.
  3006 | D:4      | Noticed a scorpion
  3018 | D:4      | Killed by an exploding iguana... ignited by their inner
                  | flame

Illustrated notes

Levels and vault maps discovered:
D:1:      dpeg_arrival_castle, layout_basic, ebering_ecumenical_altar_petrified
D:2:      layout_basic, supply_closet_lemuel
D:3:      layout_rooms, dk_yredelemnul_ordeal, lemuel_doored_altar
D:4:      layout_layer_cave, makhleb_altar_promises_db, amcnicky_altar_gilded,
          minitemple, portal_sewer_entry_d, nicolae_shop_clearance

Skill      XL: |  1  2  3 |
---------------+----------+-----
Stealth        | 2 |  2.7
Dodging        | 2 |  2.7
Fighting       | 1 |  1.6
Spellcasting   | |  2.7
Summonings     | |  4.5

Action                   |  1- 3 |  4- 6 || total
-------------------------+-------+-------++-------
Melee: Unarmed           |     6 |       ||     6
       Dagger            |     8 |    13 ||    21
       Mace              |       |     6 ||     6
       Touch             |       |     2 ||     2
 Cast: Summon Small Mamm |    36 |     9 ||    45
       Call Imp          |     9 |     4 ||    13
       Call Canine Famil |     4 |     7 ||    11
  Use: Scroll            |       |     3 ||     3
       Potion            |       |     2 ||     2
 Stab: Sleeping          |     1 |     2 ||     3
Armor: Robe              |       |     6 ||     6
Dodge: Dodged            |    15 |    27 ||    42
Block: Other             |       |     9 ||     9
